 Dungeon Crawl Stone Soup version 0.30.1-4-g462c640d31 (webtiles) character file.

Game seed: 15137491839971904966

609802 spardeous the Severer (level 25, -17/216 HPs)
             Began as a Demigod Conjurer on Aug 14, 2023.
             Demolished by a rockslime (37 damage)
             ... created by the Royal Jelly
             ... on level 5 of the Pits of Slime.
             The game lasted 04:35:11 (102798 turns).

spardeous the Severer (Demigod Conjurer)          Turns: 102798, Time: 04:35:11

Health: -17/216    AC: 20    Str: 28    XL:     25   Next: 42%
Magic:  16/49      EV: 20    Int: 25    God:
Gold:   3019       SH: 19    Dex: 22    Spells: 6/56 levels left

rFire   + . .        V - +9 broad axe (heavy)
rCold   . . .        F - +5 kite shield {reflect}
rNeg    + + .        f - +8 chain mail of Good Intentions {rPois Str+9 Int+2 Dex-2}
rPois   +            H - +0 helmet of Calculation {rF- Will+ Regen+ SInv}
rElec   +            X - +2 cloak {Will+}
rCorr   +            q - +0 pair of gloves "Kanius" {rF+ Slay+2}
SInv    +            C - +4 pair of boots "Luj Zegi" {+Blink Will+++ Str-4 Int-4}
Will    +++++        a - amulet of magic regeneration
Stlth   +            I - ring of Saohi {rF+ rN+ Will+ Str+2}
HPRegen 1.36/turn    B - ring "Cuppeohi" {rPois rN+ rCorr}
MPRegen 0.71/turn

%: reflection
@: about to teleport, liquefying, corroded, very slightly contaminated, hasted,
studying 2 skills, slowed movement, quick
A: high MP 1, forlorn, divine attributes, iridescent scales 1, agile 1, deformed
body, electricity resistance, weak 1, no potion heal 1
}: 3/15 runes: decaying, serpentine, silver
a: Evoke Blink


You were on level 5 of the Pits of Slime.
You visited 12 branches of the dungeon, and saw 52 of its levels.
You also visited: Bailey and Desolation.

You collected 9044 gold pieces.
You spent 6025 gold pieces at shops.

Inventory:

Hand Weapons
 J - the +3 broad axe of Ignis's Envy {heavy, *Noise rPois Str+3 Stlth+}
   (You bought it in a shop on level 6 of the Dungeon)

   Str:       It affects your strength (+3).
   rPois:     It protects you from poison.
   *Noise:    It may make noises in combat.
   Stlth:     It makes you more stealthy.
 V - a +9 heavy broad axe (weapon)
Armour
 c - the +0 helmet of Lilacs {rElec rF+ Int+3}
   (You found it on level 3 of the Lair of Beasts)

   Int:       It affects your intelligence (+3).
   rF:        It protects you from fire.
   rElec:     It insulates you from electricity.
 f - the +8 chain mail of Good Intentions (worn) {rPois Str+9 Int+2 Dex-2}
   (You took it off a deep elf high priest on level 3 of the Elven Halls)

   Str:       It affects your strength (+9).
   Int:       It affects your intelligence (+2).
   Dex:       It affects your dexterity (-2).
   rPois:     It protects you from poison.
 q - the +0 pair of gloves "Kanius" (worn) {rF+ Slay+2}
   (You found it on level 1 of the Orcish Mines)

   Slay:      It affects your accuracy & damage with ranged weapons and melee
   (+2).
   rF:        It protects you from fire.
 y - +0 gold dragon scales
 C - the +4 pair of boots "Luj Zegi" (worn) {+Blink Will+++ Str-4 Int-4}
   (You found it on level 3 of the Elven Halls)

   Str:       It affects your strength (-4).
   Int:       It affects your intelligence (-4).
   +Blink:    It lets you blink.
   Will:      It greatly increases your willpower.
 F - a +5 kite shield of reflection (worn)
 H - the +0 helmet of Calculation (worn) {rF- Will+ Regen+ SInv}
   (You acquired it on level 2 of the Crypt)

   rF:        It makes you vulnerable to fire.
   SInv:      It lets you see invisible.
   Regen:     It increases your rate of health regeneration.
   Will:      It increases your willpower.
 X - a +2 cloak of willpower (worn)
Magical Staves
 D - the staff of fire "Maleoron" {rElec rF+ Will+}
   (You found it in the Desolation of Salt)

   [staff of fire]

   Base accuracy: +5 Base damage: 5 Base attack delay: 1.2 This weapon's minimum
   attack delay (0.6) is reached at skill level 12.
   rF:        It protects you from fire.
   rElec:     It insulates you from electricity.
   Will:      It increases your willpower.
   It falls into the 'Staves' category.
   It is a one-handed weapon.
Jewellery
 a - an amulet of magic regeneration (around neck)
 m - the ring "Qahuid" {rN+ Int+4 Slay+4}
   (You took it off an orc on level 5 of the Vaults)

   [ring of slaying]

   Int:       It affects your intelligence (+4).
   Slay:      It affects your accuracy & damage with ranged weapons and melee
   (+4).
   rN:        It protects you from negative energy.
 B - the ring "Cuppeohi" (right hand) {rPois rN+ rCorr}
   (You found it on level 3 of the Crypt)

   [ring of positive energy]

   rPois:     It protects you from poison.
   rN:        It protects you from negative energy.
   rCorr:     It protects you from acid and corrosion.
 I - the ring of Saohi (left hand) {rF+ rN+ Will+ Str+2}
   (You found it on level 3 of the Crypt)

   [ring of positive energy]

   Str:       It affects your strength (+2).
   rF:        It protects you from fire.
   rN:        It protects you from negative energy.
   Will:      It increases your willpower.
 K - a ring of magical power
 L - the ring "Qeapust" {Contam Fly Int+3 Dex+3 SInv}
   (You bought it in a shop on level 3 of the Vaults)

   [ring of see invisible]

   Int:       It affects your intelligence (+3).
   Dex:       It affects your dexterity (+3).
   SInv:      It lets you see invisible.
   Fly:       It grants you flight.
   Contam:    It causes magical contamination when unequipped.
 M - the ring "Nuhid" {+Blink rF+ rN+ Int+6 Dex-5}
   (You took it off a fire giant on level 1 of the Depths)

   [ring of intelligence]

   Int:       It affects your intelligence (+6).
   Dex:       It affects your dexterity (-5).
   rF:        It protects you from fire.
   rN:        It protects you from negative energy.
   +Blink:    It lets you blink.
 S - the ring of Vuigeif {rC+ rN+ Will- Int+3}
   (You acquired it on level 14 of the Dungeon)

   [ring of positive energy]

   Int:       It affects your intelligence (+3).
   rC:        It protects you from cold.
   rN:        It protects you from negative energy.
   Will:      It decreases your willpower.
Wands
 x - a wand of digging (12)
 A - a wand of iceblast (38)
 O - a wand of quicksilver (24)
 W - a wand of mindburst (35)
Scrolls
 e - 9 scrolls of immolation
 h - 5 scrolls of amnesia
 i - 16 scrolls of teleportation
 o - 4 scrolls of torment
 u - 6 scrolls of fear
 E - 14 scrolls of fog
 G - 5 scrolls of silence
 N - a scroll of enchant weapon
 P - a scroll of enchant armour
 Q - a scroll of summoning
 R - 5 scrolls of magic mapping
 U - 3 scrolls of brand weapon
 Y - 8 scrolls of poison
Potions
 b - 2 potions of resistance
 d - 3 potions of flight
 j - 7 potions of might
 k - 5 potions of magic
 l - 3 potions of berserk rage
 n - a potion of cancellation
 p - 11 potions of mutation
 r - 11 potions of attraction
 s - 7 potions of haste
 t - 18 potions of curing
 v - 7 potions of ambrosia
 w - a potion of heal wounds
 z - 4 potions of brilliance
 T - a potion of invisibility


   Skills:
 - Level 16.0 Fighting
 - Level 18.1(18.4) Axes
 - Level 5.4(13.0) Maces & Flails
 - Level 8.5 Armour
 - Level 17.0 Dodging
 - Level 7.1 Stealth
 - Level 12.9 Shields
 - Level 16.0 Spellcasting
 - Level 11.5 Conjurations
 - Level 1.2 Hexes
 - Level 16.0 Necromancy
 - Level 9.6 Translocations
 + Level 17.2 Transmutations
 - Level 11.7 Earth Magic


You had 6 spell levels left.
You knew the following spells:

 Your Spells              Type           Power      Damage    Failure   Level
a - Magic Dart            Conj           100%       1d8       1%          1
b - Iron Shot             Conj/Erth      33%        9d7       19%         6
c - Iskenderun's Mystic   Conj/Tloc      64%        2d13      1%          4
d - Statue Form           Tmut/Erth      50%        N/A       6%          6
e - Fulminant Prism       Conj/Hex       25%        3d14      11%         4
f - Borgnjor's Vile Clut  Necr/Erth      36%        N/A       1%          5
g - Leda's Liquefaction   Hex/Erth       25%        N/A       11%         4
h - Necromutation         Tmut/Necr      40%        N/A       71%         8
i - Iskenderun's Battles  Conj           67%        2d12      3%          5
j - Vhi's Electric Charg  Tloc/Air       88%        N/A       6%          3
x - Manifold Assault      Tloc           62%        N/A       2%          4

Your spell library contained the following spells:

 Spells                   Type           Power      Damage    Failure   Level
 Beastly Appendage        Tmut           100%       N/A       0%          1
 Apportation              Tloc           100%       N/A       1%          1
 Kiss of Death            Conj/Necr      100%       2d13      1%          1
 Necrotise                Necr           100%       1d9       1%          1
 Sandblast                Erth           100%       2d20      1%          1
 Blink                    Tloc           100%       N/A       1%          2
 Lesser Beckoning         Tloc           100%       N/A       1%          2
 Momentum Strike          Conj/Tloc      100%       3d10      1%          2
 Passwall                 Tmut/Erth      62%        N/A       1%          2
 Searing Ray              Conj           100%       2d8       1%          2
 Static Discharge         Conj/Air       96%        2-6/arc   1%          2
 Wereblood                Tmut           82%        N/A       1%          2
 Gell's Gravitas          Tloc           62%        N/A       1%          3
 Spider Form              Tmut/Pois      58%        N/A       1%          3
 Stone Arrow              Conj/Erth      100%       3d13      1%          3
 Teleport Other           Tloc           62%        N/A       1%          3
 Vampiric Draining        Necr           79%        2d11      1%          3
 Animate Dead             Necr           79%        N/A       1%          4
 Dispel Undead            Necr           79%        3d26      1%          4
 Petrify                  Tmut/Erth      75%        N/A       1%          4
 Blade Hands              Tmut           41%        N/A       1%          5
 Irradiate                Conj/Tmut      37%        3d24      1%          5
 Cigotuvi's Dreadful Rot  Necr/Pois/Air  92%        N/A       2%          2
 Passage of Golubria      Tloc           62%        N/A       2%          4
 Dazzling Flash           Conj/Hex       100%       N/A       3%          3
 Lee's Rapid Deconstruct  Erth           34%        3d17*     3%          5
 Death Channel            Necr           39%        N/A       3%          6
 Hailstorm                Conj/Ice       48%        3d11      4%          3
 Ignite Poison            Fire/Tmut/Pois 48%        N/A       4%          3
 Portal Projectile        Hex/Tloc       94%        N/A       4%          3
 Anguish                  Hex/Necr       29%        N/A       4%          4
 Ice Form                 Ice/Tmut       58%        N/A       4%          4
 Slow                     Hex            100%       N/A       9%          1
 Mephitic Cloud           Conj/Pois/Air  39%        N/A       9%          3
 Yara's Violent Unravell  Hex/Tmut       30%        3d13      10%         5
 Alistair's Intoxication  Tmut/Pois      38%        N/A       12%         5
 Animate Armour           Summ/Erth      98%        N/A       13%         4
 Freeze                   Ice            80%        1d9       14%         1
 Summon Small Mammal      Summ           80%        N/A       14%         1
 Flame Wave               Conj/Fire      48%        2d12      14%         4
 Sticky Flame             Conj/Fire      48%        2d7       14%         4
 Ensorcelled Hibernation  Hex/Ice        46%        N/A       17%         2
 Call Imp                 Summ           40%        N/A       22%         2
 Poisonous Vapours        Pois/Air       40%        N/A       22%         2
 Scorch                   Fire           40%        2d7       22%         2
 Confusing Touch          Hex            26%        N/A       26%         3
 Tukima's Dance           Hex            26%        N/A       26%         3
 Inner Flame              Hex/Fire       23%        N/A       34%         3
 Summon Guardian Golem    Hex/Summ       23%        N/A       34%         3
 Arcjolt                  Conj/Air       24%        1d34      36%         5
 Fireball                 Conj/Fire      24%        3d11      36%         5
 Call Canine Familiar     Summ           20%        N/A       41%         3
 Frozen Ramparts          Ice            40%        1d7       41%         3
 Ozocubu's Armour         Ice            20%        N/A       41%         3
 Dispersal                Tloc           31%        N/A       41%         6
 Summon Forest            Summ/Tloc      22%        N/A       50%         5
 Freezing Cloud           Conj/Ice/Air   19%        6-21      63%         5
 Simulacrum               Ice/Necr       28%        N/A       63%         6
 Airstrike                Air            10%        2d(2-18)  82%         4
 Summon Ice Beast         Ice/Summ       20%        N/A       82%         4
 Summon Lightning Spire   Summ/Air       20%        N/A       82%         4
 Conjure Ball Lightning   Conj/Air       24%        3x3d7     91%         6
 Metabolic Englaciation   Hex/Ice        11%        N/A       97%         5
 Plasma Beam              Fire/Air       10%        2x1d23    100%        6
 Summon Cactus Giant      Summ           10%        N/A       100%        6
 Dragon Form              Tmut           41%        N/A       11%         7
 Orb of Destruction       Conj           33%        9d10      73%         7
 Borgnjor's Revivificati  Necr           39%        N/A       80%         8
 Malign Gateway           Summ/Tloc      22%        N/A       100%        7
 Ozocubu's Refrigeration  Ice            10%        4d9       100%        7
 Discord                  Hex            13%        N/A       100%        8
 Disjunction              Tloc           31%        N/A       100%        8
 Ignition                 Fire           10%        3d5       100%        8
 Lehudib's Crystal Spear  Conj/Erth      33%        10d9      100%        8
 Death's Door             Necr           39%        N/A       100%        9
 Dragon's Call            Summ           10%        N/A       100%        9


Dungeon Overview and Level Annotations

Branches:
Dungeon (15/15)            Temple (0/1) D:6            Lair (5/5) D:11
  Swamp (4/4) Lair:3        Snake (4/4) Lair:2        Slime (5/5) Lair:4
    Orc (2/2) D:10            Elf (3/3) Orc:2        Vaults (5/5) D:13
  Crypt (3/3) Vaults:3       Tomb (1/3) Crypt:3      Depths (4/4) D:15
   Hell (visited)             Dis (0/7) Hell            Geh (0/7) Hell
    Coc (0/7) Hell            Tar (0/7) Hell            Zot (0/5) Depths:4
 Bailey (visited)         Desolation (visited)

Shops:
D:6 (   D:15 :   Orc:1 !   Orc:2 ![*!*   Elf:2 (   Snake:3 !   Snake:4 :=:
Vaults:2 (   Vaults:3 =   Depths:1 *?!!

Portals:
Hell: Depths:1 Depths:2 Depths:3 Depths:4
Abyss: Lair:5 Depths:3
Pandemonium: Depths:1 Depths:2
Ziggurat: Depths:1

Annotations:
Slime:5 Royal Jelly


Innate Abilities, Weirdness & Mutations

You have an increased reservoir of magic. (+10% MP)
You shall have no god before yourself.
Your divine heritage dramatically boosts your attributes as you level up.
You are partially covered in iridescent scales. (AC +2)
You are agile. (Dex +4, Str/Int -1)
Armour fits poorly on your strangely shaped body.
You are resistant to electric shocks. (rElec)
You are weak. (Str -2)
Potions are less effective at restoring your health.


Message History

The rockslime seems to regain its courage.
The rockslime hits you!
* * * LOW HITPOINT WARNING * * *
You stumble backwards!
You take 13 damage, and have 24/216 hp.
Your system partially rejects the healing.
You feel much better.
The rockslime seems to regain its courage.
The rockslime barely misses you.
You regained 14 hp, and now have 38/216 hp.
Okay, then.
Okay, then.
Your system partially rejects the healing.
You feel better. The rockslime hits you!
* * * LOW HITPOINT WARNING * * *
You stumble backwards!
You take 10 damage, and have 28/216 hp.
Unknown command.
Casting: Manifold Assault (mildly dangerous; 2% risk of failure)
Confirm with . or Enter, or press ? or * to list all spells.
You miscast Iskenderun's Mystic Blast.
You are very lightly contaminated with residual magic.
Nothing appears to happen.
The rockslime jiggles.
The rockslime hits you!!
* * * LOW HITPOINT WARNING * * *
You stumble backwards!
You take 20 damage, and have 8/216 hp.
You now have 15/49 mp.
Unknown command.
Unknown command.
Unknown command.
Your system partially rejects the healing.
You feel much better. You block the rockslime's attack.
The acid blob spits acid at you. The splash of acid hits you! You resist.
* * * LOW HITPOINT WARNING * * *
The acid corrodes you!
Your system partially rejects the healing.
You feel much better. The rockslime hits you!!!
You die...

...............##
.................#
..................#
....................##
..............J...<..###
............J..........####
..........JJJJJ.JJ....J...#
..........JJJJ............#
..........@J...............
............J..............
#.##...##................
##.#####............... ##
#..# ?###.............. ##?[
#.## ??###.............
##$|!##..##$=(##.............
#$)[)|##.#()φ[!# ...
#(==(##.J##/[)(#


You could see the Royal Jelly, 2 acid blobs, 2 azure jellies, 8 rockslimes and 2
quicksilver oozes.

Vanquished Creatures
  5 dread liches
  2 ancient liches
  Mennas (Depths:3)
  Bai Suzhen (Vaults:3)
  Vashnia (Snake:4)
  5 caustic shrikes
  Geryon (Hell)
  5 golden dragons
  3 bone dragons
  Nikola (Vaults:1)
  Zenata (Vaults:3)
  6 tentacled monstrosities
  Mlioglotl (Swamp:2)
  Rupert (Lair:3)
  6 liches
  5 titans
  2 deep elf blademasters (Elf:3)
  Asterion (Vaults:3)
  A quicksilver dragon (Vaults:5)
  Murray (Depths:2)
  A walking frostbound tome (Depths:2)
  30 acid blobs
  5 ancient champions
  2 deep elf master archers (Elf:3)
  4 sphinxes
  Gastronok (Lair:2)
  3 thorn hunters
  12 tengu reavers
  4 storm dragons
  Donald (Vaults:3)
  A storm dragon (shapeshifter) (Vaults:5)
  Kirke (D:12)
  4 revenants
  5 nagarajas (Snake:4)
  2 fenstrider witches
  Roxanne (Swamp:1)
  11 rockslimes
  10 shadow dragons
  10 fire giants
  10 azure jellies
  10 frost giants
  Louise (Snake:3)
  Aizul (Snake:4)
  An imperial myrmidon (Desolation)
  11 deep elf sorcerers
  3 iron dragons
  A balrug (Hell)
  17 vault wardens
  A caustic shrike zombie (Crypt:3)
  A juggernaut zombie (Depths:4)
  4 curse skulls
  5 deep elf elementalists (Elf:3)
  A draconian stormcaller (Depths:4)
  5 reapers (Hell)
  20 ironbound preservers
  15 quicksilver oozes
  17 very ugly things
  17 ghouls
  2 spriggan defenders (Depths:2)
  21 stone giants
  4 war gargoyles
  4 deep elf demonologists
  8 ironbound thunderhulks
  7 vampire knights
  2 red draconians (Depths:4)
  The ghost of PhantomBowie the Fighter, a journeyman GrBe of Trog (Orc:1)
  A lorocyproca (Vaults:5)
  A halazid warlock (Desolation)
  Azrael (D:13)
  22 dire elephants
  4 bunyips
  8 deep elf annihilators (Elf:3)
  A bunyip (shapeshifter) (D:15)
  2 yellow draconians (Depths:4)
  2 spark wasps
  9 deep elf death magi
  5 eidola
  10 ettins
  Snorg (D:11)
  A blizzard demon (Hell)
  A crystal guardian (Desolation)
  11 fire dragons
  A merfolk javelineer (Depths:4)
  Josephine (Orc:1)
  6 jiangshi
  9 ragged hierophants (Desolation)
  14 yaktaur captains
  2 shambling mangroves
  4 entropy weavers
  A quicksilver dragon zombie (Crypt:3)
  11 deep elf high priests
  11 great orbs of eyes
  3 salamander tyrants (Snake:4)
  Fannar (D:12)
  20 hydras
  18 peacekeepers
  5 catoblepae
  47 vault guards
  5 servants of whispers (Desolation)
  8 rakshasas
  9 ice dragons
  Erolcha (D:9)
  A spriggan air mage (Depths:3)
  13 anacondas
  2 ghost crabs
  2 hell beasts (Hell)
  16 ironbound frosthearts
  7 two-headed ogres
  22 centaur warriors
  2 ogre magi (Vaults:5)
  7 alligators
  3 boulder beetles
  5 tengu warriors
  10 deep troll shamans
  7 hell hogs
  33 dancing weapons
  14 naga warriors
  11 deep troll earth magi
  6 vampire magi
  6 spriggan berserkers
  6 death scarabs
  A spectral orc (Orc:1)
  A death yak (Lair:2)
  6 orc high priests
  3 thrashing horrors (Lair:5)
  Urug (Orc:1)
  7 naga sharpshooters
  26 hell knights
  11 sun demons
  20 deep elf knights
  6 soul eaters
  7 shock serpents
  A titan skeleton (Depths:4)
  7 iron trolls
  Sonja (D:13)
  2 shadow wraiths
  3 goliath frogs
  34 skeletal warriors
  46 deep trolls
  2 skysharks
  4 salamander mystics
  A death drake (Swamp:3)
  7 spriggan druids
  2 anaconda zombies (Hell)
  An orange crystal statue (D:14)
  4 sea snakes (Snake:3)
  A deep troll (shapeshifter) (Vaults:4)
  2 shadow demons (Hell)
  8 bog bodies
  15 swamp dragons
  17 deep elf archers
  A glowing orange brain (Vaults:3)
  9 flayed ghosts
  7 naga ritualists
  26 ironbound convokers
  13 phantasmal warriors
  6 wizards
  6 lindwurms
  An obsidian statue (Vaults:1)
  2 anaconda skeletons (Hell)
  13 necromancers
  24 deep elf zephyrmancers
  10 orc knights
  Pikel (D:3)
  5 harpies (Vaults:5)
  3 mana vipers (shapeshifter)
  A bunyip skeleton (Crypt:3)
  A wolf spider (D:13)
  12 mana vipers
  7 shining eyes
  An orc sorcerer (Orc:1)
  2 cyclopes
  28 salamanders
  39 deep elf pyromancers
  A manticore (shapeshifter) (Vaults:3)
  6 manticores
  2 tengu skeletons (Depths:4)
  7 will-o-the-wisps
  26 ugly things
  An iron dragon skeleton (Depths:4)
  7 elephants
  24 black mambas
  3 eyes of devastation (Slime:5)
  A torpor snail (shapeshifter) (Vaults:5)
  An elephant (shapeshifter) (Depths:1)
  15 naga magi
  A rust devil (Hell)
  Maurice (D:12)
  18 vault sentinels
  3 molten gargoyles (Hell)
  2 demonic crawlers
  A torpor snail (Lair:2)
  8 smoke demons
  16 guardian serpents
  A gargoyle (D:13)
  12 cane toads
  A hellion (Hell)
  An ice statue (D:8)
  2 unseen horrors
  A shock serpent skeleton (Crypt:2)
  30 yaktaurs
  Maggie (D:9)
  5 rime drakes
  A black draconian zombie (Crypt:3)
  2 kobold demonologists (D:10)
  An unseen horror (shapeshifter) (Vaults:4)
  The ghost of Diggabert the Chopper, a novice OpGl (D:4)
  Psyche (D:9)
  A sea snake zombie (Hell)
  A guardian mummy (Crypt:3)
  A red draconian zombie (Crypt:2)
  An efreet (D:15)
  An alligator snapping turtle skeleton (Crypt:2)
  7 komodo dragons
  2 white draconian skeletons
  An ancient zyme (Lair:5)
  3 tengu conjurers (Depths:2)
  3 meliai (D:15)
  4 freezing wraiths
  A polar bear (shapeshifter) (D:14)
  A red devil (Hell)
  A yellow draconian skeleton (Crypt:1)
  A minotaur skeleton (Crypt:3)
  A bloated husk (Swamp:3)
  A troll (shapeshifter) (Vaults:3)
  An iron troll skeleton (Crypt:3)
  2 tarantellas
  2 polar bears
  A meliai (shapeshifter) (Elf:2)
  8 trolls
  A wind drake (shapeshifter) (Depths:3)
  3 hydra skeletons
  An ettin zombie (Crypt:2)
  14 hornets
  7 tyrant leeches
  A boulder beetle zombie (Crypt:2)
  20 blink frogs
  4 dream sheep (Lair:2)
  75 saltlings (Desolation)
  An alligator zombie (Hell)
  A satyr zombie (Crypt:1)
  A centaur simulacrum (D:12)
  150 slime creatures
  2 air elementals (Elf:3)
  2 flying skulls (Crypt:3)
  4 shadows
  2 ynoxinuls (Lair:5)
  A culicivora (shapeshifter) (Elf:3)
  An ushabti (Tomb:1)
  4 vampires
  18 spriggans
  18 water elementals
  8 wraiths
  A wyvern (D:9)
  A large abomination (Lair:5)
  2 yaks (shapeshifter)
  A black mamba skeleton (Crypt:3)
  A fire bat (shapeshifter) (Lair:5)
  5 fire elementals
  6 hogs (D:12)
  24 golden eyes
  35 yaks
  A basilisk (shapeshifter) (Lair:5)
  4 steam dragons
  8 basilisks
  2 chaos spawn (Lair:5)
  15 vampire mosquitoes
  A sea snake simulacrum (Hell)
  3 redbacks
  3 wargs
  A faun zombie (Crypt:2)
  A naga skeleton (Crypt:3)
  13 swamp worms
  18 nagas
  A fire bat skeleton (Crypt:3)
  2 hell hounds (D:13)
  A glowing shapeshifter zombie (Depths:4)
  12 water moccasins
  2 floating eyes (Depths:2)
  8 swamp drakes
  An ice beast (D:7)
  42 orc warriors
  A sky beast (D:4)
  5 boggarts (Vaults:1)
  7 ogres
  9 wolves
  18 centaurs
  A dream sheep skeleton (Crypt:1)
  2 lemures (D:3)
  3 phantoms
  A spectral cyclops (Orc:1)
  An elf zombie (Crypt:3)
  2 gnoll sergeants
  7 kobold brigands
  4 necrophages
  A wyvern zombie (D:7)
  4 earth elementals
  6 bullfrogs
  4 scorpions
  3 wights (D:7)
  A spectral ogre (Orc:1)
  A warg zombie (Crypt:3)
  11 small abominations (Lair:5)
  A troll zombie (D:10)
  A raiju skeleton (Crypt:3)
  3 howler monkeys
  A wolf zombie (Crypt:2)
  An electric eel (Lair:5)
  5 lava snakes
  2 centaur zombies
  28 orc priests
  2 hounds
  A sleepcap (D:5)
  Jessica (D:2)
  Terence (D:3)
  A cyclops simulacrum (Orc:1)
  2 iguanas
  19 orc wizards
  7 hell rats (Hell)
  7 ogre zombies (D:10)
  2 mummies
  11 gnolls
  8 adders
  An ogre simulacrum (Orc:1)
  A shadow imp (D:6)
  A white imp (D:5)
  5 ufetubi
  2 orc simulacra (Orc:1)
  An iguana skeleton (Crypt:3)
  A worm (D:2)
  A dart slug (D:1)
  103 orcs
  7 ball pythons
  3 bats
  2 bat skeletons
  An endoplasm (shapeshifter) (Vaults:4)
  4 endoplasms
  2 giant cockroaches
  A gnoll zombie (Crypt:2)
  11 goblins
  14 hobgoblins
  4 quokkas
  9 frilled lizards
  A goblin skeleton (D:10)
  3 goblin zombies (D:10)
  A hobgoblin skeleton (D:10)
  2 hobgoblin zombies (D:10)
  34 kobolds
  3 orc skeletons (D:10)
  15 orc zombies (D:10)
  A quokka skeleton (Crypt:2)
  5 rats
  A rat skeleton (Crypt:1)
  A rat zombie (Crypt:1)
  A butterfly (Lair:5)
  A spectral weapon (Vaults:3)
2485 creatures vanquished.

Vanquished Creatures (others)
  A lich (Vaults:5)
  A bunyip (Swamp:1)
  2 deep elf knights (Elf:1)
  4 deep elf pyromancers (Elf:2)
  2 deep elf zephyrmancers
  2 wizards
  A bloated husk (Swamp:1)
  2 slime creatures (Vaults:1)
  A water elemental (Elf:1)
  A spriggan (Swamp:3)
  A fire elemental (D:13)
  26 foxfires
  34 fulminant prisms
78 creatures vanquished.

Grand Total: 2563 creatures vanquished

Notes
Turn   | Place    | Note
-------+----------+-------------------------------------------
     0 | D:1      | spardeous the Demigod Conjurer began the quest for the Orb.
     0 | D:1      | Reached XP level 1. HP: 14/14 MP: 5/5
   374 | D:1      | Reached XP level 2. HP: 20/20 MP: 3/7
  1200 | D:1      | Learned a level 2 spell: Searing Ray
  1432 | D:2      | Reached XP level 3. HP: 26/26 MP: 5/9
  1746 | D:2      | Noticed Jessica
  1757 | D:2      | Killed Jessica
  2226 | D:2      | Reached XP level 4. HP: 33/33 MP: 8/11
  2474 | D:3      | Learned a level 4 spell: Iskenderun's Mystic Blast
  2682 | D:3      | Noticed Terence
  2728 | D:3      | Killed Terence
  2834 | D:3      | Reached skill level 5 in Conjurations
  2834 | D:3      | Reached XP level 5. HP: 38/38 MP: 7/13
  3157 | D:3      | Noticed a wizard
  3163 | D:3      | Killed a wizard
  3739 | D:4      | Noticed Pikel
  3983 | D:3      | Killed Pikel
  3984 | D:3      | Reached XP level 6. HP: 40/45 MP: 8/14
  3984 | D:3      | Reached XP level 7. HP: 44/50 MP: 8/15
  4230 | D:4      | Found a runed translucent door.
  4301 | D:4      | Reached skill level 5 in Translocations
  4755 | D:4      | You fall into a shaft and drop 2 floors!
  4788 | D:6      | Learned a level 4 spell: Fulminant Prism
  5234 | D:6      | Found a staircase to the Ecumenical Temple.
  5254 | D:6      | Noticed a steam dragon
  5283 | D:6      | Killed a steam dragon
  5567 | D:6      | Reached XP level 8. HP: 55/57 MP: 9/16
  6049 | D:6      | Found Rymit's Antique Weapon Emporium.
  7602 | D:5      | Entered Level 5 of the Dungeon
  8055 | D:5      | Reached XP level 9. HP: 61/62 MP: 9/17
  8424 | D:5      | Found a runed translucent door.
  8994 | D:4      | Reached skill level 10 in Conjurations
  9219 | D:4      | Noticed Diggabert's ghost (novice OpGl)
  9230 | D:4      | Killed Diggabert's ghost
  9482 | D:6      | Bought a twisted broad axe for 234 gold pieces
  9482 | D:6      | Identified the +3 broad axe of Ignis's Envy {heavy, *Noise
                  | rPois Str+3 Stlth+} (You bought it in a shop on level 6 of
                  | the Dungeon)
  9576 | D:8      | Reached skill level 5 in Spellcasting
  9756 | D:8      | Noticed an ice statue
  9918 | D:8      | Found a flagged portal.
  9956 | Bailey   | Entered a bailey
 10238 | Bailey   | Found the sphere of Battle
 10238 | Bailey   | Found the +5 glaive of the Guard {elec, spectral, AC+5}
 10317 | Bailey   | Noticed an orc knight
 10330 | Bailey   | Killed an orc knight
 11147 | D:8      | Killed an ice statue
 11148 | D:8      | Reached XP level 10. HP: 58/69 MP: 13/25
 11250 | D:9      | Noticed a red ugly thing
 11255 | D:9      | Killed a red ugly thing
 11408 | D:9      | Noticed Psyche
 11419 | D:9      | Killed Psyche
 11547 | D:9      | Noticed Erolcha
 11550 | D:9      | Noticed Maggie
 11555 | D:9      | Killed Erolcha
 11560 | D:9      | Killed Maggie
 12017 | D:9      | Noticed a two-headed ogre
 12025 | D:9      | Killed a two-headed ogre
 12362 | D:9      | Noticed a white ugly thing
 12369 | D:9      | Reached skill level 10 in Spellcasting
 12371 | D:9      | Killed a white ugly thing
 12570 | D:10     | Entered Level 10 of the Dungeon
 12766 | D:10     | Noticed a two-headed ogre
 12775 | D:10     | Killed a two-headed ogre
 12776 | D:10     | Reached XP level 11. HP: 74/74 MP: 22/30
 13214 | D:10     | Found a staircase to the Orcish Mines.
 13333 | D:10     | Noticed a two-headed ogre
 13343 | D:10     | Killed a two-headed ogre
 14164 | D:11     | Found a staircase to the Lair.
 14244 | D:11     | Noticed Snorg
 14251 | D:11     | Killed Snorg
 14504 | D:11     | Noticed a two-headed ogre
 14508 | D:11     | Killed a two-headed ogre
 15272 | D:12     | Noticed Maurice
 15276 | D:12     | Killed Maurice
 15334 | D:12     | Identified 2 scrolls of acquirement
 15385 | D:12     | Noticed Fannar
 15395 | D:12     | Killed Fannar
 15411 | D:12     | Noticed Kirke
 15766 | D:12     | Identified the +5 hand axe of Midnight {speed, Drain rPois
                  | rC- Int+5}
 15779 | D:12     | Noticed a lindwurm
 15918 | D:12     | Killed Kirke
 16106 | D:13     | Noticed a centaur warrior
 16357 | D:13     | Killed a centaur warrior
 16358 | D:13     | Reached XP level 12. HP: 68/81 MP: 14/34
 16444 | D:13     | Noticed a centaur warrior
 16642 | D:13     | Killed a centaur warrior
 16691 | D:13     | Noticed a centaur warrior
 16789 | D:13     | Killed a centaur warrior
 16931 | D:13     | Found a gate to the Vaults.
 16931 | D:13     | Noticed a vault guard
 16931 | D:13     | Noticed a vault guard
 16931 | D:13     | Noticed a vault guard
 16931 | D:13     | Noticed a vault guard
 16931 | D:13     | Noticed a vault guard
 16938 | D:13     | Killed a vault guard
 16941 | D:13     | Killed a vault guard
 16941 | D:13     | Noticed a vault guard
 16965 | D:12     | Killed a vault guard
 17135 | D:13     | Noticed a vault guard
 17137 | D:13     | Killed a vault guard
 17138 | D:13     | Reached skill level 15 in Spellcasting
 17148 | D:13     | Killed a vault guard
 17154 | D:13     | Killed a vault guard
 17157 | D:13     | Killed a vault guard
 17407 | D:13     | Noticed Sonja
 17485 | D:13     | Killed Sonja
 17612 | D:13     | Noticed a vault guard
 17623 | D:13     | Killed a vault guard
 17833 | D:13     | Noticed a centaur warrior
 17852 | D:13     | Killed a centaur warrior
 17852 | D:13     | Noticed Azrael
 18093 | D:13     | Killed Azrael
 18440 | Lair:1   | Entered Level 1 of the Lair of Beasts
 18501 | Lair:1   | Noticed a catoblepas
 18506 | Lair:1   | Killed a catoblepas
 18804 | Lair:1   | Reached XP level 13. HP: 74/86 MP: 15/38
 19539 | Lair:2   | Noticed Gastronok
 19550 | Lair:2   | Killed Gastronok
 20555 | Lair:2   | Found a staircase to the Snake Pit.
 20848 | Lair:2   | Reached skill level 1 in Armour
 21438 | Lair:3   | Noticed Rupert
 21447 | Lair:3   | Killed Rupert
 21623 | Lair:3   | Identified the +0 helmet of Lilacs {rElec rF+ Int+3}
 22287 | Lair:3   | Found a staircase to the Swamp.
 22840 | Lair:4   | Reached skill level 5 in Dodging
 23136 | Lair:4   | Found a staircase to the Slime Pits.
 23885 | Lair:5   | Entered Level 5 of the Lair of Beasts
 23893 | Lair:5   | Reached skill level 1 in Fighting
 24273 | Lair:5   | Reached XP level 14. HP: 104/104 MP: 25/39
 24557 | Lair:5   | Reached skill level 5 in Fighting
 25912 | Lair:5   | Found a one-way gate to the infinite horrors of the Abyss.
 26386 | Orc:1    | Entered Level 1 of the Orcish Mines
 26399 | Orc:1    | Learned a level 3 spell: Stone Arrow
 26406 | Orc:1    | Learned a level 6 spell: Statue Form
 26411 | Orc:1    | Learned a level 4 spell: Leda's Liquefaction
 26417 | Orc:1    | Learned a level 5 spell: Iskenderun's Battlesphere
 26427 | Orc:1    | Noticed Josephine
 26438 | Orc:1    | Killed Josephine
 26624 | Orc:1    | Reached skill level 1 in Transmutations
 26624 | Orc:1    | Reached skill level 1 in Earth Magic
 27053 | Orc:1    | Found Voipupn's Distillery.
 27056 | Orc:1    | Bought a potion of experience for 500 gold pieces
 27056 | Orc:1    | Bought a potion of mutation for 80 gold pieces
 27056 | Orc:1    | Bought a potion of mutation for 80 gold pieces
 27056 | Orc:1    | Reached XP level 15. HP: 121/121 MP: 40/40
 27057 | Orc:1    | Bought a potion of brilliance for 40 gold pieces
 27057 | Orc:1    | Bought a potion of attraction for 30 gold pieces
 27138 | Orc:2    | Entered Level 2 of the Orcish Mines
 27318 | Orc:2    | Found a staircase to the Elven Halls.
 27335 | Orc:2    | Found Itouhyir's General Store.
 27474 | Orc:1    | Noticed Urug
 28190 | Orc:2    | Reached skill level 5 in Transmutations
 28457 | Orc:2    | Reached skill level 5 in Earth Magic
 28827 | Orc:2    | Found Qunniopt's Distillery.
 28845 | Orc:2    | Found Qeazei's Assorted Antiques.
 28846 | Orc:2    | Found Kifolluf's Distillery.
 28847 | Orc:2    | Found Gyulitaf's Antique Armour Shoppe.
 28953 | Orc:1    | Killed Urug
 29178 | Orc:1    | Found a runed translucent gate.
 29178 | Orc:1    | Found a runed translucent gate.
 29178 | Orc:1    | Found a runed translucent gate.
 29240 | Orc:1    | Noticed PhantomBowie's ghost (journeyman GrBe)
 29429 | Orc:1    | Killed PhantomBowie's ghost
 29555 | Orc:1    | Identified the +0 pair of gloves "Kanius" {rF+ Slay+2}
 29781 | Orc:2    | Bought a fading orb for 336 gold pieces
 29781 | Orc:2    | Identified the orb "Nuxechug" {*channel, Harm rElec rC-
                  | Dex+4} (You bought it in a shop on level 2 of the Orcish
                  | Mines)
 31941 | D:14     | Acquired the ring of Vuigeif {rC+ rN+ Will- Int+3}
 31947 | D:14     | Acquired 1146 gold pieces
 31959 | D:15     | Entered Level 15 of the Dungeon
 32162 | D:15     | Reached XP level 16. HP: 128/128 MP: 31/41
 33054 | D:15     | Found a staircase to the Depths.
 33259 | D:15     | Reached skill level 5 in Armour
 33836 | D:15     | Found Ifra Ylo's Book Boutique.
 34414 | Swamp:1  | Entered Level 1 of the Swamp
 35249 | Swamp:1  | Noticed a tentacled monstrosity
 35256 | Swamp:1  | Killed a tentacled monstrosity
 35612 | Swamp:1  | Identified Roxanne's Tome of the Volcano
 35612 | Swamp:1  | Noticed Roxanne
 35620 | Swamp:1  | Identified the +2 flail of Agony {antimagic, SInv}
 35991 | Swamp:1  | Killed Roxanne
 35992 | Swamp:1  | Reached skill level 1 in Hexes
 36009 | Swamp:1  | Learned a level 5 spell: Borgnjor's Vile Clutch
 36018 | Swamp:1  | Learned a level 6 spell: Statue Form
 36023 | Swamp:1  | Learned a level 4 spell: Leda's Liquefaction
 36166 | Swamp:2  | Reached skill level 1 in Necromancy
 37988 | Swamp:2  | Noticed Mlioglotl
 38003 | Swamp:2  | Killed Mlioglotl
 38004 | Swamp:2  | Reached skill level 5 in Necromancy
 39603 | Swamp:3  | Paralysed by a hornet for 3 turns
 40707 | Orc:2    | Bought a pair of runed boots for 180 gold pieces
 40997 | Swamp:4  | Entered Level 4 of the Swamp
 41257 | Swamp:4  | Reached XP level 17. HP: 90/137 MP: 5/42
 42029 | Swamp:3  | HP: 4/137 [constriction (19)]
 43187 | Swamp:4  | Got a decaying rune of Zot
 43489 | Snake:1  | Entered Level 1 of the Snake Pit
 43495 | Snake:1  | Reached skill level 1 in Axes
 43500 | Snake:1  | Reached skill level 2 in Axes
 43983 | Snake:1  | Reached skill level 3 in Axes
 44440 | Snake:1  | Reached skill level 4 in Axes
 44995 | Snake:1  | Identified the +4 scimitar of Omao {flame, rPois rC++ Str-5
                  | Dex+2}
 45203 | Snake:2  | Reached skill level 5 in Axes
 45570 | Snake:2  | Identified the +0 plate armour of Vupn {Rampage rCorr
                  | Slay-5}
 45579 | Snake:2  | Reached skill level 6 in Axes
 45633 | Snake:2  | You are sucked into a shaft and drop 1 floor!
 45918 | Snake:2  | Reached skill level 7 in Axes
 46841 | Snake:2  | Reached skill level 8 in Axes
 48050 | Snake:2  | Reached skill level 9 in Axes
 48764 | Snake:3  | Noticed Louise
 48779 | Snake:3  | Killed Louise
 48909 | Snake:3  | Found Beulili's Distillery.
 49010 | Snake:3  | Reached skill level 10 in Axes
 49427 | Snake:3  | Reached XP level 18. HP: 145/145 MP: 31/43
 49824 | Snake:4  | Entered Level 4 of the Snake Pit
 50607 | Snake:4  | Reached skill level 11 in Axes
 51046 | Snake:4  | Noticed Aizul
 51062 | Snake:4  | Killed Aizul
 51598 | Snake:4  | Found Boseig's Book Boutique.
 51598 | Snake:4  | Found Cueseag's Jewellery Emporium.
 51600 | Snake:4  | Found Piunu's Book Boutique.
 51606 | Snake:4  | Bought a book of Iron for 396 gold pieces
 51613 | Snake:4  | Learned a level 6 spell: Iron Shot
 51752 | Snake:4  | Reached skill level 12 in Axes
 52122 | Snake:4  | Noticed Vashnia
 52439 | Snake:4  | Killed Vashnia
 52715 | Snake:4  | Got a serpentine rune of Zot
 53205 | Depths:1 | Entered Level 1 of the Depths
 53390 | Depths:1 | Found a one-way gateway to a ziggurat.
 53465 | Depths:1 | Found a gateway to Hell.
 53483 | Depths:1 | Reached skill level 13 in Axes
 54025 | Depths:1 | Learned a level 3 spell: Vhi's Electric Charge
 54056 | Depths:1 | Found Mixkug's Distillery.
 54223 | Depths:1 | Found Luxevaff's Distillery.
 54223 | Depths:1 | Found Elecai's General Store.
 54223 | Depths:1 | Found Ymaemniq's Magic Scroll Shoppe.
 54247 | Depths:1 | Found a one-way gate leading to the halls of Pandemonium.
 54834 | Depths:1 | Reached skill level 14 in Axes
 55304 | Depths:1 | Gained mutation: You are vulnerable to cold. (rC-) [potion
                  | of mutation]
 55304 | Depths:1 | Gained mutation: You have hidden genetic potential. [potion
                  | of mutation]
 55305 | Depths:1 | Lost mutation: You are vulnerable to cold. (rC-) [potion of
                  | mutation]
 55305 | Depths:1 | Lost mutation: You have hidden genetic potential. [potion
                  | of mutation]
 55305 | Depths:1 | Gained mutation: You occasionally shout uncontrollably at
                  | your foes. [potion of mutation]
 55305 | Depths:1 | Gained mutation: You are frail. (-10% HP) [potion of
                  | mutation]
 55305 | Depths:1 | Gained mutation: You have hidden genetic defects. [potion
                  | of mutation]
 55306 | Depths:1 | Lost mutation: You have hidden genetic defects. [potion of
                  | mutation]
 55306 | Depths:1 | Lost mutation: You occasionally shout uncontrollably at
                  | your foes. [potion of mutation]
 55306 | Depths:1 | Gained mutation: Your muscles are strong. (Str +4, Int/Dex
                  | -1) [potion of mutation]
 55306 | Depths:1 | Gained mutation: You expend magic power (3 MP) to
                  | strengthen your wands. [potion of mutation]
 55307 | Depths:1 | Lost mutation: Your muscles are strong. (Str +4, Int/Dex
                  | -1) [potion of mutation]
 55307 | Depths:1 | Lost mutation: You expend magic power (3 MP) to strengthen
                  | your wands. [potion of mutation]
 55307 | Depths:1 | Gained mutation: You are weak. (Str -2) [potion of
                  | mutation]
 55307 | Depths:1 | Gained mutation: You are agile. (Dex +4, Str/Int -1)
                  | [potion of mutation]
 55308 | Depths:1 | Lost mutation: You are frail. (-10% HP) [potion of
                  | mutation]
 55308 | Depths:1 | Lost mutation: You are agile. (Dex +4, Str/Int -1) [potion
                  | of mutation]
 55308 | Depths:1 | Gained mutation: You occasionally lose the ability to read
                  | scrolls when taking damage. [potion of mutation]
 55308 | Depths:1 | Gained mutation: You have a considerably increased
                  | reservoir of magic. (+20% MP) [potion of mutation]
 55308 | Depths:1 | Gained mutation: Your body sometimes deteriorates upon
                  | taking damage. [potion of mutation]
 55309 | Depths:1 | Lost mutation: You occasionally lose the ability to read
                  | scrolls when taking damage. [potion of mutation]
 55309 | Depths:1 | Lost mutation: You have a considerably increased reservoir
                  | of magic. (+20% MP) [potion of mutation]
 55309 | Depths:1 | Lost mutation: Your body sometimes deteriorates upon taking
                  | damage. [potion of mutation]
 55309 | Depths:1 | Gained mutation: You occasionally lose the ability to read
                  | scrolls when taking damage. [potion of mutation]
 55309 | Depths:1 | Gained mutation: You occasionally shout uncontrollably at
                  | your foes. [potion of mutation]
 55309 | Depths:1 | Gained mutation: You are partially covered in iridescent
                  | scales. (AC +2) [potion of mutation]
 55310 | Depths:1 | Lost mutation: You occasionally shout uncontrollably at
                  | your foes. [potion of mutation]
 55310 | Depths:1 | Lost mutation: You occasionally lose the ability to read
                  | scrolls when taking damage. [potion of mutation]
 55310 | Depths:1 | Lost mutation: You are weak. (Str -2) [potion of mutation]
 55310 | Depths:1 | Gained mutation: You sometimes lose your temper in combat.
                  | [potion of mutation]
 55310 | Depths:1 | Gained mutation: You are occasionally teleported next to
                  | monsters. [potion of mutation]
 55310 | Depths:1 | Gained mutation: You are somewhat resistant to further
                  | mutation. [potion of mutation]
 55311 | Depths:1 | Lost mutation: You sometimes lose your temper in combat.
                  | [potion of mutation]
 55311 | Depths:1 | Lost mutation: You are occasionally teleported next to
                  | monsters. [potion of mutation]
 55311 | Depths:1 | Gained mutation: You are robust. (+10% HP) [potion of
                  | mutation]
 55311 | Depths:1 | Gained mutation: Armour fits poorly on your strangely
                  | shaped body. [potion of mutation]
 55311 | Depths:1 | Gained mutation: You are agile. (Dex +4, Str/Int -1)
                  | [potion of mutation]
 55311 | Depths:1 | Gained mutation: You are resistant to electric shocks.
                  | (rElec) [potion of mutation]
 55617 | Depths:3 | Noticed Mennas
 56208 | Elf:1    | Entered Level 1 of the Elven Halls
 56297 | Elf:1    | Reached skill level 1 in Shields
 57339 | Elf:1    | Learned a level 6 spell: Iron Shot
 57360 | Elf:1    | Reached skill level 5 in Shields
 58024 | Elf:1    | Lost mutation: You are somewhat resistant to further
                  | mutation. [mutagenic glow]
 58797 | Elf:2    | Reached XP level 19. HP: 112/166 MP: 32/44
 59133 | Elf:2    | Found Pomis's Weapon Emporium.
 59645 | Elf:2    | Found a runed translucent gate.
 59645 | Elf:2    | Found a runed translucent gate.
 59646 | Elf:2    | Found a runed translucent gate.
 60438 | Elf:2    | Reached skill level 10 in Transmutations
 61281 | Vaults:1 | Entered Level 1 of the Vaults
 62460 | Vaults:1 | Identified the +0 pair of gloves of Festooned Freedom
                  | {Int+3}
 62460 | Vaults:1 | Noticed Nikola
 62466 | Vaults:1 | Killed Nikola
 63336 | Vaults:1 | Learned a level 4 spell: Fulminant Prism
 63880 | Vaults:2 | Reached skill level 15 in Axes
 64489 | Vaults:2 | Found Gimetynk's Weapon Shoppe.
 64494 | Vaults:2 | Identified the +6 chain mail of the Beggar {rElec rF+
                  | Will+++ Dex-4}
 65469 | Vaults:2 | Reached skill level 16 in Axes
 66376 | Vaults:2 | Identified the +0 ring mail "Saogim" {Drain Slay+2 SInv}
 66774 | Depths:2 | Reached XP level 20. HP: 173/173 MP: 46/46
 66992 | Depths:2 | Identified the ring "Nuhid" {+Blink rF+ rN+ Int+6 Dex-5}
 66993 | Depths:2 | Noticed a caustic shrike
 66996 | Depths:2 | Paralysed by a floating eye for 4 turns
 67328 | Depths:2 | Reached skill level 17 in Axes
 67923 | Depths:2 | Noticed a caustic shrike
 67932 | Depths:2 | Killed a caustic shrike
 68123 | Depths:2 | Killed a caustic shrike
 68275 | Depths:2 | Identified the +5 short sword "Jellybane" {heavy, *Noise
                  | Fly rCorr}
 68277 | Depths:2 | Got Sif Muna's Commentary on Lithomancy
 68533 | Depths:2 | Paralysed by a floating eye for 2 turns
 68537 | Depths:2 | Paralysed by a floating eye for 4 turns
 68831 | Depths:2 | Reached skill level 18 in Axes
 68838 | Depths:2 | Identified the +9 spear "Faplegat" {venom, rElec rPois
                  | Will-}
 69819 | Depths:2 | Reached skill level 10 in Fighting
 70382 | Depths:3 | Noticed a golden dragon
 70943 | Vaults:3 | Noticed Bai Suzhen
 70950 | Vaults:3 | Killed Bai Suzhen
 71037 | Vaults:3 | Reached skill level 10 in Earth Magic
 71826 | Vaults:3 | Paralysed by a sphinx for 2 turns
 72128 | Vaults:3 | Noticed Asterion
 72137 | Vaults:3 | Killed Asterion
 72384 | Vaults:3 | Noticed Zenata
 72401 | Vaults:3 | Killed Zenata
 72532 | Vaults:3 | Identified the +1 ring mail of the Morning Star {+Inv Int+3
                  | Stlth+}
 72591 | Vaults:3 | Found Huis's Jewellery Shoppe.
 72632 | Vaults:3 | Found a staircase to the Crypt.
 72714 | Vaults:3 | Reached skill level 10 in Dodging
 73162 | Vaults:3 | Noticed Donald
 73167 | Vaults:3 | Killed Donald
 73318 | Vaults:3 | Reached XP level 21. HP: 185/185 MP: 26/47
 73795 | Vaults:3 | Got the Annotations on the Ghoulish Retinue
 74464 | Vaults:4 | Reached skill level 10 in Shields
 74609 | Vaults:4 | Found a crumbling gateway.
 74650 | Desolati | Entered the Desolation of Salt
 75169 | Desolati | Identified the +0 great sword "Irafitt" {heavy, Will- Int+8
                  | Dex+2 Stlth-}
 75327 | Desolati | Identified the amulet of Udalus {Faith Rampage rC+ MP-9
                  | Int+3}
 75472 | Desolati | Got the Directory of Kindled Accompaniment
 75589 | Desolati | Identified the ring of Decwo {*Slow rElec rPois rN+ Str+9}
 75655 | Desolati | Identified the +5 morningstar of Slime {flame, rN+}
 75691 | Desolati | Identified the staff of fire "Maleoron" {rElec rF+ Will+}
 76142 | Desolati | Got Sif Muna's Directory of the Changing Wind
 76158 | Desolati | Got the Directory of Points
 76962 | Vaults:4 | Identified the +0 rapier "Citho" {vamp, +Blink rC+ MP+9
                  | Dex+2}
 77341 | Vaults:4 | Paralysed by a great orb of eyes for 3 turns
 78235 | Elf:3    | Entered Level 3 of the Elven Halls
 78900 | Elf:3    | Paralysed by an air elemental for 1 turns
 78903 | Elf:3    | Paralysed by an air elemental for 1 turns
 79147 | Elf:3    | Reached XP level 22. HP: 194/194 MP: 48/48
 80147 | Elf:3    | Identified the +9 mace of Classification {drain, MP+9 Str+2
                  | Dex-5 SInv}
 80147 | Elf:3    | Identified the +1 leather armour of Beyond {Harm rN+ SInv}
 80648 | Elf:3    | Identified the ring "Fanwim" {Fly Int+2 Dex+3}
 80655 | Elf:3    | Identified the staff of earth "Paxtasosh" {rElec rPois rC+
                  | Dex-3}
 80907 | Elf:3    | Reached skill level 5 in Stealth
 80913 | Elf:3    | Identified the +8 chain mail of Good Intentions {rPois
                  | Str+9 Int+2 Dex-2}
 81929 | Elf:3    | Identified the +4 pair of boots "Luj Zegi" {+Blink Will+++
                  | Str-4 Int-4}
 81949 | Elf:3    | Identified the +0 pair of boots of the Centipede {rN+
                  | Int+2}
 82618 | Crypt:1  | Entered Level 1 of the Crypt
 85040 | Crypt:2  | Acquired the +0 helmet of Calculation {rF- Will+ Regen+
                  | SInv}
 85585 | Crypt:3  | Entered Level 3 of the Crypt
 85660 | Crypt:3  | Reached skill level 15 in Fighting
 86182 | Crypt:3  | Found the +7 sceptre of Torment {pain, torment}
 86338 | Crypt:3  | Noticed a dread lich
 86339 | Crypt:3  | Paralysed by a dread lich for 3 turns
 86348 | Crypt:3  | Killed a dread lich
 86507 | Crypt:3  | Noticed a dread lich
 86507 | Crypt:3  | Noticed a dread lich
 86521 | Crypt:3  | Noticed an ancient lich
 86526 | Crypt:3  | Found a staircase to the Tomb.
 86774 | Tomb:1   | Entered Level 1 of the Tomb of the Ancients
 86971 | Crypt:3  | Killed an ancient lich
 86981 | Crypt:3  | Killed a dread lich
 86987 | Crypt:3  | Killed a dread lich
 86988 | Crypt:3  | Reached XP level 23. HP: 87/222 MP: 34/49
 87119 | Crypt:3  | Got the Quarto of Grey Changing
 87124 | Crypt:3  | Identified the staff of death "Lolerphus" {rF+ rC+ rN+
                  | Str-4 Int+4}
 87127 | Crypt:3  | Identified the +4 mace "Worm's Wrath" {venom, Str+3 Dex+6}
 87135 | Crypt:3  | Identified the amulet of Huiczea {Spirit Int+2}
 87136 | Crypt:3  | Identified the ring of Saohi {rF+ rN+ Will+ Str+2}
 87136 | Crypt:3  | Identified the ring "Cuppeohi" {rPois rN+ rCorr}
 88815 | Depths:3 | Killed Mennas
 89510 | Depths:4 | Entered Level 4 of the Depths
 89847 | Depths:4 | Reached skill level 15 in Transmutations
 90917 | Depths:4 | Found a gate to the Realm of Zot.
 91097 | Depths:4 | Noticed an ancient lich
 91108 | Depths:4 | Killed an ancient lich
 91503 | Depths:4 | Got Kikubaaqudgha's Handbook of Gloom
 92098 | Vaults:5 | Entered Level 5 of the Vaults
 92104 | Vaults:5 | Reached skill level 1 in Maces & Flails
 92114 | Vaults:5 | Reached skill level 5 in Maces & Flails
 92236 | Vaults:5 | Reached XP level 24. HP: 231/231 MP: 39/49
 92346 | Vaults:5 | Reached skill level 10 in Necromancy
 92511 | Vaults:5 | Noticed a dread lich
 92518 | Vaults:5 | Killed a dread lich
 92648 | Vaults:5 | Identified the ring "Qahuid" {rN+ Int+4 Slay+4}
 92844 | Vaults:5 | Got a silver rune of Zot
 92898 | Vaults:5 | Noticed a dread lich
 92901 | Vaults:5 | Killed a dread lich
 92979 | Vaults:5 | Identified the amulet "Tilexerila" {Acrobat *Slow Int+3
                  | Dex+3}
 93019 | Vaults:5 | Identified the +0 spear of Punkuplu {antimagic, rPois rF-
                  | Int-3 SInv}
 93192 | Vaults:5 | Identified the staff of death "Fuor" {rPois rC+ rN+}
 93204 | Vaults:5 | Got the Anthology of the Jaunt and Flame
 93231 | Vaults:5 | Learned a level 4 spell: Manifold Assault
 93377 | Vaults:5 | Identified the staff of fire "Eqiguw" {rF+ Str+2}
 93661 | Vaults:5 | Identified the +3 sling of the Four Suns {drain, Stlth+}
 93671 | Vaults:5 | Reached skill level 15 in Dodging
 93677 | Vaults:5 | Got Sif Muna's Almanac of Minerals and Wicked Rituals
 94018 | Vaults:3 | Bought the ring "Qeapust" {Contam Fly Int+3 Dex+3 SInv} for
                  | 466 gold pieces
 94302 | Depths:1 | Bought a scroll of teleportation for 63 gold pieces
 94305 | Depths:1 | Bought a potion of heal wounds for 80 gold pieces
 94305 | Depths:1 | Bought a potion of haste for 160 gold pieces
 94305 | Depths:1 | Bought a potion of mutation for 128 gold pieces
 94308 | Depths:1 | Bought a potion of haste for 190 gold pieces
 94308 | Depths:1 | Bought 2 potions of mutation for 304 gold pieces
 94308 | Depths:1 | Bought a potion of mutation for 152 gold pieces
 94308 | Depths:1 | Bought a potion of mutation for 152 gold pieces
 94311 | Depths:1 | Bought a potion of haste for 150 gold pieces
 94541 | Orc:1    | Bought a potion of magic for 80 gold pieces
 94769 | Snake:3  | Bought a potion of magic for 112 gold pieces
 94769 | Snake:3  | Bought a potion of magic for 112 gold pieces
 94769 | Snake:3  | Bought a potion of mutation for 112 gold pieces
 94769 | Snake:3  | Bought a potion of heal wounds for 70 gold pieces
 94769 | Snake:3  | Bought a potion of flight for 42 gold pieces
 94769 | Snake:3  | Bought a potion of brilliance for 56 gold pieces
 94769 | Snake:3  | Bought a potion of brilliance for 56 gold pieces
 94769 | Snake:3  | Bought a potion of cancellation for 112 gold pieces
 95047 | Orc:2    | Bought 2 potions of might for 96 gold pieces
 95047 | Orc:2    | Bought a potion of heal wounds for 60 gold pieces
 95047 | Orc:2    | Bought a potion of mutation for 96 gold pieces
 95048 | Orc:2    | Bought a scroll of enchant armour for 180 gold pieces
 95677 | Snake:4  | Bought a Necronomicon for 1120 gold pieces
 95688 | Snake:4  | Learned a level 8 spell: Necromutation
 96195 | Hell     | Entered the Vestibule of Hell
 96196 | Hell     | Noticed Geryon
 96428 | Hell     | Noticed Murray
 96609 | Depths:2 | Killed Murray
 96766 | Hell     | Killed Geryon
 96884 | Hell     | Found a gateway to the Iron City of Dis.
 96936 | Hell     | Found a gateway to the freezing wastes of Cocytus.
 97106 | Hell     | Found a gateway to the decaying netherworld of Tartarus.
 97160 | Hell     | Found a gateway to the ashen valley of Gehenna.
 97729 | Slime:1  | Entered Level 1 of the Pits of Slime
 98056 | Slime:1  | You fall into a shaft and drop 1 floor!
 98322 | Slime:1  | Reached XP level 25. HP: 204/237 MP: 7/49
 98698 | Slime:2  | Gained mutation: You are weak. (Str -2) [a shining eye]
 98800 | Slime:2  | Reached skill level 15 in Necromancy
 98808 | Slime:2  | Lost mutation: You are robust. (+10% HP) [a shining eye]
 98809 | Slime:2  | Gained mutation: Potions are less effective at restoring
                  | your health. [a shining eye]
100122 | Slime:5  | Entered Level 5 of the Pits of Slime
100847 | Slime:5  | Noticed the Royal Jelly
102198 | Slime:5  | Found the ring of the Octopus King
102796 | Slime:5  | HP: 8/216 [rockslime[the Royal Jelly] (20)]
102798 | Slime:5  | Demolished by a rockslime

Illustrated notes

Levels and vault maps discovered:
D:1:      lordsloth_arrival_two_stooges, layout_basic,
          nicolae_concentric_dashed_squares_mild, minmay_lizard_pond
D:2:      layout_basic, hangedman_decor_slide_cut, serial_bayou_lagoon_a,
          chequers_serial_rivers_small_3, uniq_jessica
D:3:      layout_loops_ring, trog_wizard, small_statue_intersection,
          chequers_big_river, dreamdust_princess_corridor, uniq_terence
D:4:      layout_gridville, ebering_ghost_sewer_d, uniq_pikel
D:5:      minmay_recursive_quarters, layout_rooms, lightli_church_of_beogh
D:6:      layout_basic, minmay_temple_entry_glass, serial_shops, shop
D:7:      layout_loops_ring, lemuel_zombie_altar_yredelemnul
D:8:      minmay_statue_hallways, layout_layer_cave, vehumet_crystals,
          enter_bailey_3, kennysheep_pointless_box, uniq_grum
D:9:      layout_roguey, mainiacjoe_overflow_boulevard, dk_rats_in_the_wall,
          uniq_psyche, uniq_erolcha, uniq_maggie
D:10:     layout_rooms, nicolae_tso_carved_into_rock, amcnicky_altar_gilded,
          zombieorc2_lemuel, hex_intersection, nicolae_elevator_lobby_plus
D:11:     layout_loops_cross, lair_entry_dummy, uniq_snorg
D:12:     layout_gridville, grunt_gozag_breadcrumbs, uniq_kirke, uniq_fannar,
          uniq_maurice
D:13:     layout_rooms, erik_vaults_2, uniq_sonja, uniq_azrael
D:14:     layout_irregular_city, serial_park_square1
          [serial_park_minivault_5x5_7], minmay_statue_bubble
D:15:     hangedman_depths_entry_try_elsewhere_first, layout_stronghold,
          serial_shops, nicolae_shop_back_alley_shop, minmay_orc_keep
Lair:1:   layout_loops_ring, grunt_forest_small_clearings,
          nicolae_quartered_pool_impasse
Lair:2:   layout_cave_pods, nicolae_snake_entry_warm_welcome,
          chequers_serial_rivers_small_3, uniq_gastronok
Lair:3:   layout_regular_city, skrybe_swamp_entry_bodies, serial_bayou_shore_b,
          grunt_megastairs_4, uniq_rupert
Lair:4:   layout_regular_city, slime_entry_1, lemuel_fruit_tree,
          grunt_megastairs_5
Lair:5:   hellmonk_lair_end_abyssal_woods, layout_gridlike,
          chequers_serial_rivers_micro_a, serial_bayou_shore_b,
          lemuel_fruit_fields
Swamp:1:  cheibrodos_swamp_tower_of_moss, layout_falls_marsh,
          hangedman_swamp_ruin_hall, uniq_roxanne
Swamp:2:  layout_basic_swamp, nicolae_swamp_ascending_descending, uniq_mlioglotl
Swamp:3:  layout_basic_swamp, nicolae_swamp_small_spring
Swamp:4:  swamp_alternative, layout_basic_swamp, infiniplex_staircase_pool_2
Snake:1:  layout_honeycomb, basic_altar
Snake:2:  layout_layer_cave, statue_in_the_mist_lemuel, drop_trap,
          nicolae_snake_salamander_zone, serial_bayou_shore_b
Snake:3:  layout_gridlike, minmay_shop_star, serial_bayou_shore_a, uniq_louise
Snake:4:  grunt_snake_rune_serpentine_throne, layout_misc_corridors,
          nicolae_snake_slithery_corners, serial_bayou_shore_b,
          serial_bayou_shore_b, minmay_shop_grove, uniq_aizul
Slime:1:  layout_caves
Slime:2:  layout_caves
Slime:3:  layout_caves, cheibrodos_slime_lost_civilization_5
Slime:4:  cheibrodos_slime_lost_civilization_1, layout_caves
Slime:5
Orc:1:    layout_diamond_mine, serial_shops, nicolae_shop_window_shopping,
          gammafunk_ghost_necromancy, uniq_josephine, uniq_urug
Orc:2:    st_orc_pillars, layout_diamond_mine, serial_shops,
          nicolae_shop_tiny_statue_garden
Elf:1:    layout_geoelf_octagon, basic_altar, evilmike_minifort
Elf:2:    nicolae_elf_blades_splatter_lattice [infiniplex_blade_entry_pillars],
          layout_loops_cross, serial_shops, shop, guppyfry_elf_altar
Elf:3:    minmay_elf_hall_four_x, layout_geoelf_diagonals
Vaults:1: v_rooms_2, ontoclasm_vaults_fault, vaults_mumra_chevron, v_pattern_3,
          nicolae_vaults_circle_grid_a, nicolae_vaults_shrinking_rooms_2,
          nicolae_vaults_alarming, ontoclasm_vaults_decontamination,
          vaults_room_large_hall, nicolae_vaults_sealed_display,
          nicolae_vaults_statue_guard, nicolae_vaults_more_shelving_1,
          nicolae_vaults_offset_grid_hallway_3, layout_vaults_ring, uniq_nikola
Vaults:2: nicolae_vaults_theta, nicolae_vaults_closet_pinwheel_5,
          grunt_vaults_diagonal, nicolae_vaults_murderbox,
          nicolae_vaults_network_quinsquares
          [nicolae_vaults_network_quincunx_subvault,
          nicolae_vaults_network_quincunx_subvault,
          nicolae_vaults_network_quincunx_subvault,
          nicolae_vaults_network_quincunx_subvault], vaults_dpeg_diagonal,
          nicolae_vaults_wine_cellar, nicolae_vaults_little_squares_1,
          nicolae_vaults_two_Ls, nicolae_vaults_tetromino_L_2,
          layout_vaults_chaotic_city, serial_shops, nicolae_shop_mannequins
Vaults:3: st_greater_box_4, minmay_crypt_entry_vampire_xt,
          vaults_room_ringed_pool, nicolae_vaults_triangles, v_misc_23,
          nicolae_vaults_tangram_2, vaults_room_door_hall, ontoclasm_vaults_eye,
          nicolae_vaults_heart-shaped_vault, v_misc_28,
          ontoclasm_vaults_ring_large, vaults_mumra_chevron_long, v_pattern_4,
          nicolae_vaults_trapezoid_lopsided_1, ontoclasm_vaults_hangar,
          nicolae_vaults_trapezoid_2, layout_vaults_maze, serial_shops, shop,
          uniq_zenata, uniq_bai_suzhen, uniq_asterion, uniq_donald
Vaults:4: portal_desolation_entry_twin_temple,
          nicolae_vaults_diagonal_hallway_7, nicolae_vaults_arrows,
          nicolae_vaults_sightless_eye, vaults_dpeg_encased_lava,
          nicolae_vaults_double_plus_1, v_misc_28, nicolae_vaults_meiosis,
          nicolae_vaults_thirteen_compartments, dpeg_vaults_monster_box,
          v_misc_28, nicolae_vaults_theta, vaults_room_pools,
          nicolae_vaults_oval_intersection, nicolae_vaults_diamond_1,
          layout_vaults_omnibox
Vaults:5: serial_shops
Crypt:1:  layout_basic
Crypt:2:  layout_basic
Crypt:3:  david_glass_crypt, layout_basic
Tomb:1
Depths:1: layout_honeycomb, enter_ziggurat_f, pf_coc_iceberg, pan_entry,
          minmay_shop_grid_forest, okawaru_trees_1, kennysheep_random_hallway
Depths:2: evilmike_diamond_2, layout_gridlike, minmay_misc_feat_encased,
          hell_entry, pan_entry, minmay_the_grid_square_5x5_3x3_mashed
          [minmay_the_grid_square_5x5_n, minmay_the_grid_square_5x5_two,
          minmay_the_grid_square_5x5_six, minmay_the_grid_square_5x5_lines,
          minmay_the_grid_square_5x5_megaprize_open,
          minmay_the_grid_square_5x5_fat_x,
          minmay_the_grid_square_5x5_minivault,
          minmay_the_grid_square_5x5_corner,
          minmay_the_grid_square_5x5_trominoes]
Depths:3: regret_index_uskayaw_diablada_macabre, layout_cross, hell_entry,
          led_sif_pool, abyss_entry, uniq_josephina, uniq_margery, uniq_mennas
Depths:4: evilmike_zot_entry_basic, layout_cave_pools, minivault_14,
          special_room [special_room_morgue], hangedman_geh_valley
Hell

Skill      XL: |  1  2  3  4  5  6  7  8  9 10 11 12 13 14 15 16 17 18 19 20 21 22 23 24 25 |
---------------+----------------------------------------------------------------------------+-----
Spellcasting   | 2 3 7 10 13 16 | 16.0
Conjurations   | 4 5 6 9 10 11 | 11.5
Translocations | 4 6 7 9 |  9.6
Dodging        | 5 7 9 10 13 17 | 17.0
Armour         | 4 6 7 8 |  8.5
Fighting       | 4 8 9 10 16 | 16.0
Transmutations | 3 8 9 10 12 15 17 | 17.2
Earth Magic    | 3 6 7 9 11 | 11.7
Hexes          | 1 |  1.2
Necromancy     | 8 14 16 | 16.0
Axes           | 10 14 16 18 | 18.1
Shields        | 7 8 9 12 | 12.9
Stealth        | 7 |  7.1
Maces & Flails | 5 |  5.4

Action                     |  1- 3 |  4- 6 |  7- 9 | 10-12 | 13-15 | 16-18 | 19-21 | 22-24 | 25-27 || total
---------------------------+-------+-------+-------+-------+-------+-------+-------+-------+-------++-------
  Melee: Staff             |       |     3 |    50 |    19 |     6 |       |       |       |       ||    78
         Broad axe         |       |       |       |       |       |   227 |  1091 |   995 |   401 ||  2714
   Cast: Magic Dart        |    82 |    47 |   123 |   125 |   824 |   735 |       |     2 |     1 ||  1939
         Searing Ray       |       |     6 |    73 |     1 |     1 |       |       |       |       ||    81
         Iskenderun's Myst |       |       |     8 |   186 |   255 |   526 |   341 |   363 |    34 ||  1713
         Iskenderun's Batt |       |       |       |       |     1 |       |       |       |       ||     1
         Fulminant Prism   |       |       |       |       |    12 |    14 |     5 |     3 |       ||    34
         Stone Arrow       |       |       |       |       |       |    10 |       |       |       ||    10
         Borgnjor's Vile C |       |       |       |       |       |    57 |    62 |    90 |     4 ||   213
         Statue Form       |       |       |       |       |       |    77 |   143 |   115 |    31 ||   366
         Iron Shot         |       |       |       |       |       |    32 |    15 |   104 |    19 ||   170
         Vhi's Electric Ch |       |       |       |       |       |     1 |       |     9 |       ||    10
         Leda's Liquefacti |       |       |       |       |       |       |       |    35 |     6 ||    41
         Manifold Assault  |       |       |       |       |       |       |       |    29 |   145 ||   174
         Necromutation     |       |       |       |       |       |       |       |    10 |     8 ||    18
Ability: End Transformatio |       |       |       |       |       |       |     6 |     9 |     1 ||    16
    Use: Scroll            |       |     2 |    10 |     9 |     7 |    12 |    19 |    12 |    11 ||    82
         Potion            |       |       |       |       |     1 |    18 |    11 |    10 |    14 ||    54
   Stab: Sleeping          |       |       |       |       |       |     1 |     3 |     1 |     1 ||     6
         Distracted        |       |       |       |       |       |       |     1 |       |       ||     1
 Armour: Ring mail         |     1 |     9 |    45 |       |       |       |       |       |       ||    55
         Scale mail        |       |       |     9 |    76 |   100 |   106 |       |       |       ||   291
         Swamp dragon scal |       |       |       |       |       |   131 |    59 |     4 |       ||   194
         Skin              |       |       |       |       |       |   497 |   945 |   713 |    57 ||  2212
         Chain mail        |       |       |       |       |       |       |       |   186 |    40 ||   226
  Dodge: Dodged            |     5 |    12 |   101 |    96 |   196 |   667 |   996 |  1238 |   198 ||  3509
  Block: Orb               |       |       |       |       |    46 |   188 |       |       |       ||   234
         Reflection        |       |       |       |       |     8 |    55 |    60 |    50 |     9 ||   182
         Kite shield       |       |       |       |       |       |   169 |  1620 |  1540 |   252 ||  3581
